 Dungeon Crawl Stone Soup version 0.27.1-1-g398f81649c (webtiles) character file.

Game seed: 16256214081291992138

110 acemry the Sneak (level 4, -5/28 HPs)
             Began as an Octopode Transmuter on Sept 9, 2021.
             Slain by Purgy (7 damage)
             ... on level 3 of the Dungeon.
             The game lasted 00:03:47 (3311 turns).

acemry the Sneak (Octopode Transmuter)              Turns: 3311, Time: 00:03:48

Health: -5/28      AC:  1    Str:  9    XL:     4   Next: 91%
Magic:  6/7        EV: 13    Int: 16    God:
Gold:   189        SH:  0    Dex: 12    Spells: 3/7 levels left

rFire    . . .     SeeInvis .   i - +0 short sword
rCold    . . .     Faith    .   (no shield)
rNeg     . . .     Spirit   .   (helmet currently unavailable)
rPois    .         Reflect  .   (no amulet)
rElec    .         Harm     .   (no ring)
rCorr    .         Rampage  .   (no ring)
Will     .....                  (no ring)
Stlth    ++++......             (no ring)
HPRegen  0.09/turn              (no ring)
MPRegen  0.10/turn              (no ring)
                                (no ring)
                                (no ring)

@: appendages (expiring)
A: tentacle spike 3, almost no armour, amphibious, 8 rings, camouflage 1,
gelatinous body 1, (nimble swimmer 1), tentacles
a: End Transformation


You were on level 3 of the Dungeon.
One of your tentacles had grown a beastly spike.
You visited 1 branch of the dungeon, and saw 3 of its levels.

You collected 189 gold pieces.

Inventory:

Hand Weapons
 i - a +0 short sword (weapon)
Missiles
 b - 17 poisoned darts
 g - a throwing net
Magical Staves
 a - a staff of earth
Jewellery
 j - an amulet of reflection
Scrolls
 c - 2 scrolls of teleportation
 e - a scroll of acquirement {unknown}
 f - a scroll of identify {unknown}
Potions
 d - a potion of ambrosia {unknown}
 h - a potion of flight {unknown}


   Skills:
 - Level 1.0 Fighting
 - Level 2.0 Dodging
 * Level 4.4 Stealth
 - Level 3.0 Unarmed Combat
 - Level 2.0 Spellcasting
 + Level 3.6 Transmutations


You had 3 spell levels left.
You knew the following spells:

 Your Spells              Type           Power      Damage    Failure   Level
a - Beastly Appendage     Tmut           26%        N/A       4%          1
b - Spider Form           Tmut/Pois      3%         N/A       28%         3

Your spell library contained the following spells:

 Spells                   Type           Power      Damage    Failure   Level
 Wereblood                Tmut           13%        N/A       7%          2
 Ice Form                 Ice/Tmut       7%         N/A       67%         4


Dungeon Overview and Level Annotations

Branches:
Dungeon (3/15)

Altars:
Zin

Annotations:
D:3 Purgy


Innate Abilities, Weirdness & Mutations

One of your tentacles has grown a beastly spike.
You cannot wear most types of armour.
You are amphibious.
You can wear up to eight rings at the same time.
Your skin changes colour to match your surroundings (Stealth+).
Your rubbery body absorbs attacks. (AC +1, EV +1)
((You are camouflaged near water. (Stealth+)))
You have tentacles for arms and can constrict up to eight enemies at once.


Message History

You constrict the hobgoblin, but do no damage.
The hobgoblin completely misses you.
You hit the hobgoblin.
The hobgoblin is almost dead.
You constrict the hobgoblin.
You kill the hobgoblin!
You barely miss the hobgoblin. Your grab misses the hobgoblin.
The hobgoblin barely misses you.
You barely miss the hobgoblin. You grab the hobgoblin.
You constrict the hobgoblin. The hobgoblin misses you.
You hit the hobgoblin.
You pierce the hobgoblin.
You kill the hobgoblin!
Your transformation is almost over.
No target in view!
No target in view!
Found a stone staircase leading down.
Your tentacle spike disappears.
Found a stone staircase leading up.
There is a stone staircase leading up here.
Purgy the Meek comes into view.
Purgy shouts!
One of your tentacles grows a vicious spike.
Found a stone staircase leading down.
You barely miss Purgy.
Your tentacle spike misses Purgy.
Purgy closely misses you. Purgy misses you. Purgy claws you.
You hit Purgy but do no damage. Purgy closely misses you.
Purgy completely misses you. Purgy claws you.
You hit Purgy but do no damage. Purgy bites you! Purgy barely misses you.
Purgy claws you.
You are too injured to fight recklessly!
You are too injured to fight recklessly!
You hit Purgy.
Purgy is lightly wounded.
Your transformation is almost over.
Purgy bites you. Purgy claws you.
* * * LOW HITPOINT WARNING * * *
Purgy claws you.
* * * LOW HITPOINT WARNING * * *
Purgy bites you!
You die...

.........#..............#
.........#...........#.######
.........#..................#
...######.....#.##..##.#####
.. #.#.........##.#
.....##........#
........######## .....##.#
.......@# .......T.....#
...#..#.####.# .........
........# ........# ........#
.......>#


You could see Purgy.

Vanquished Creatures
  Jessica (D:2)
  2 adders (D:2)
  2 worms (D:2)
  3 dart slugs
  2 ball pythons
  2 bats (D:2)
  3 endoplasms
  A giant cockroach (D:1)
  2 goblins (D:1)
  9 hobgoblins
  5 jackals (D:2)
  A quokka (D:1)
  4 frilled lizards
  7 kobolds
  10 rats
54 creatures vanquished.

Notes
Turn   | Place    | Note
-------+----------+-------------------------------------------
     0 | D:1      | acemry the Octopode Transmuter began the quest for the Orb.
     0 | D:1      | Reached XP level 1. HP: 13/13 MP: 3/3
     6 | D:1      | Noticed a water moccasin
     6 | D:1      | Noticed a hog
     7 | D:1      | Noticed a seven-headed hydra
     7 | D:1      | Noticed a killer bee
   229 | D:1      | Reached skill level 1 in Stealth
   603 | D:1      | Reached XP level 2. HP: 12/18 MP: 3/5
   734 | D:1      | Reached skill level 2 in Stealth
  1369 | D:1      | Reached XP level 3. HP: 15/23 MP: 4/6
  1654 | D:2      | Found a glowing silver altar of Zin.
  1914 | D:2      | Reached skill level 3 in Stealth
  2046 | D:2      | Found a faded altar of an unknown god.
  2441 | D:2      | Reached XP level 4. HP: 23/28 MP: 4/7
  2595 | D:2      | Noticed Jessica
  2600 | D:2      | Killed Jessica
  2601 | D:2      | Reached skill level 4 in Stealth
  3007 | D:2      | Learned a level 3 spell: Spider Form
  3304 | D:3      | Noticed Purgy
  3311 | D:3      | Slain by Purgy

Illustrated notes

Levels and vault maps discovered:
D:1:      onia_arrival_zoo_common, layout_loops_ring, minmay_hexomino_c4
D:2:      layout_loops_corners, hellmonk_ecumenical_altar_crossroads,
          basic_altar, minmay_misc_feat_iff, uniq_jessica
D:3:      layout_basic, chequers_temple_overflow_statue_of_worship,
          serial_shops, shop_fountains, kennysheep_generic_room_15,
          uniq_sigmund, uniq_purgy

Skill      XL: |  1  2  3  4 |
---------------+-------------+-----
Stealth        | 1 2 3 4 |  4.4
Transmutations | 3 |  3.6
Fighting       | |  1.0
Dodging        | |  2.0
Unarmed Combat | |  3.0
Spellcasting   | |  2.0

Action                   |  1- 3 |  4- 6 || total
-------------------------+-------+-------++-------
Melee: Unarmed           |    43 |       ||    43
       Constrict         |    21 |    12 ||    33
       Tentacles         |    12 |     6 ||    18
       Kick              |    21 |     9 ||    30
       Dagger            |     5 |       ||     5
       Punch             |     1 |     1 ||     2
       Short sword       |    34 |    43 ||    77
 Cast: Beastly Appendage |    24 |     9 ||    33
  Use: Scroll            |     1 |       ||     1
 Stab: Sleeping          |     4 |     1 ||     5
Armor: Skin              |     5 |     2 ||     7
Dodge: Dodged            |    41 |    29 ||    70
